 Dungeon Crawl Stone Soup version 0.24-a0-232-g49d9ff8 (webtiles) character file.

Game seed: 13860205689841622437

1097 Ijustatesigmund the Chopper (level 8, 0/54 HPs)
             Began as an Octopode Fighter on Apr 4, 2019.
             Was an Initiate of Cheibriados.
             Slain by a centaur (9 damage)
             ... on level 6 of the Dungeon.
             The game lasted 00:10:08 (5364 turns).

Ijustatesigmund the Chopper (Octopode Fighter)      Turns: 5364, Time: 00:10:09

Health: 0/54       AC:  1    Str: 16    XL:     8   Next: 31%
Magic:  9/9        EV: 13    Int: 12    God:    Cheibriados [......]
Gold:   335        SH: 10    Dex: 14    Spells: 7/7 levels left

rFire    . . .     SeeInvis .   a - +2 war axe
rCold    . . .     Gourm    .   b - +1 shield
rNeg     . . .     Faith    .   (helmet restricted)
rPois    .         Spirit   .   (no amulet)
rElec    +         Reflect  .   (no ring)
rCorr    .         Harm     .   (no ring)
MR       .....                  (no ring)
Stlth    +++.......             (no ring)
HPRegen  0.18/turn              (no ring)
MPRegen  0.11/turn              (no ring)
                                (no ring)
                                (no ring)

@: lightly drained, very slow
A: almost no armour, stealthy swim, amphibious, 8 rings, constrict 8, tentacle
spike 1, camouflage 1, electricity resistance, gelatinous body 1
a: Bend Time, Renounce Religion


You were on level 6 of the Dungeon.
You worshipped Cheibriados.
Cheibriados was noncommittal.
You were not hungry.

You visited 2 branches of the dungeon, and saw 7 of its levels.
You also visited: Sewer.

You collected 335 gold pieces.

Inventory:

Hand Weapons
 a - a +2 war axe (weapon)
 l - a +0 war axe of flaming
Armour
 b - a +1 shield (worn)
Scrolls
 e - 2 scrolls of teleportation
 f - a scroll of remove curse
 g - a scroll of magic mapping
 m - 5 scrolls of identify
 p - 3 scrolls of fear
 q - 2 scrolls of amnesia
Potions
 c - a potion of might
 h - 5 potions of heal wounds
 i - a potion of brilliance
 j - a potion of resistance
 k - 7 potions of curing
 n - a potion of invisibility
 o - a potion of cancellation
 r - 2 potions of agility
 s - a potion of flight
Comestibles
 d - 6 rations


   Skills:
 - Level 4.7(4.2) Fighting
 + Level 6.7(6.2) Axes
 - Level 4.7(4.2) Dodging
 + Level 2.7(2.2) Stealth
 - Level 4.7(4.2) Shields
 + Level 1.6(1.2) Invocations


You had 7 spell levels left.
You didn't know any spells.
Your spell library was empty.

Dungeon Overview and Level Annotations

Branches:
Dungeon (6/15)             Temple (1/1) D:6

Altars:
Ashenzari
Cheibriados
Dithmenos
Elyvilon
Fedhas
Gozag
Hepliaklqana
Kikubaaqudgha
Nemelex Xobeh
Okawaru
Qazlal
Ru
Sif Muna
Trog
Uskayaw
Vehumet
Wu Jian
Xom
Yredelemnul
Zin
The Shining One

Annotations:
D:6 3 runed translucent doors


Innate Abilities, Weirdness & Mutations

You cannot wear most types of armour.
You are very stealthy in the water. (Stealth+)
You are amphibious.
You can wear up to eight rings at the same time.
You can use your tentacles to constrict eight enemies at once.
Your skin changes colour to match your surroundings (Stealth+).
Your rubbery body absorbs attacks. (AC +1, EV +1)
One of your tentacles bears a spike.
You are resistant to electric shocks. (rElec)


Message History

You kill the orc!
Cheibriados thoroughly appreciates the change of pace.
The centaur shoots an arrow.
You block the arrow.
The centaur wields a +0 shortbow.
The centaur shoots an arrow.
You block the arrow.
The centaur shoots an arrow.
The arrow completely misses you.
The centaur unwields a +0 shortbow.
The centaur hits you!
The centaur unwields a +0 shortbow.
The centaur misses you. The centaur hits you!
You see here a +0 hand axe.
You barely miss the centaur.
You pierce the centaur, but do no damage.
Your shield prevents you from hitting the centaur.
The centaur hits you.
* * * LOW HITPOINT WARNING * * *
You block the centaur's attack.
The orc hits you from afar with a +0 trident.
* * * LOW HITPOINT WARNING * * *
The centaur hits you!
You die...

........##
......รท.#.
.......... ##
...#####.# ###.
#####..... #..
#........ .
#.#######..#####.
....####.#.......##
##
....ooc@((...(..##
# ###..oc.......###
....#####.....# ###
#.....# #######


You could see an orc warrior, 2 centaurs and 2 orcs.

Vanquished Creatures
  Menkaure (D:4)
  A sky beast (D:6)
  An ice beast (D:5)
  An ogre (D:4)
  A bullfrog (D:6)
  A scorpion (D:6)
  A howler monkey (D:5)
  A crimson imp (D:6)
  An orc priest (D:3)
  2 orc wizards
  A bullfrog skeleton (D:4)
  Jessica (D:2)
  3 worker ants
  A hound skeleton (D:4)
  5 gnolls
  8 adders
  2 shadow imps (D:5)
  An ooze (D:1)
  An adder skeleton (D:5)
  An adder zombie (D:5)
  5 worms
  7 dart slugs
  3 leopard geckos
  20 orcs
  2 ball pythons
  6 giant cockroaches
  10 goblins
  11 hobgoblins
  2 jackals (D:3)
  3 quokkas (D:2)
  8 bats
  8 frilled lizards
  12 kobolds
  10 rats
142 creatures vanquished.

Notes
Turn   | Place    | Note
-------+----------+-------------------------------------------
     0 | D:1      | Ijustatesigmund the Octopode Fighter began the quest for
                  | the Orb.
     0 | D:1      | Reached XP level 1. HP: 16/16 MP: 1/1
    57 | D:1      | Reached XP level 2. HP: 19/21 MP: 2/2
    96 | D:1      | Reached skill level 3 in Axes
   285 | D:1      | Reached XP level 3. HP: 26/26 MP: 3/3
   571 | D:1      | Reached skill level 4 in Axes
   772 | D:1      | Reached XP level 4. HP: 31/31 MP: 4/4
  1790 | D:2      | Found a white marble altar of Elyvilon.
  1823 | D:2      | Noticed Jessica
  1831 | D:2      | Killed Jessica
  1831 | D:2      | Reached skill level 5 in Axes
  1831 | D:2      | Reached XP level 5. HP: 18/36 MP: 5/5
  2339 | D:3      | Found a glowing drain.
  2390 | Sewer    | Entered a sewer
  2451 | Sewer    | Noticed Purgy
  2869 | D:3      | Reached XP level 6. HP: 39/42 MP: 6/6
  3010 | D:3      | Found a faded altar of an unknown god.
  3474 | D:4      | Noticed Menkaure
  3477 | D:4      | Gained mutation: You are resistant to electric shocks.
                  | (rElec) [potion of mutation]
  3477 | D:4      | Gained mutation: One of your tentacles bears a spike.
                  | [potion of mutation]
  3504 | D:4      | Killed Menkaure
  3504 | D:4      | Reached XP level 7. HP: 48/48 MP: 7/7
  3581 | D:4      | Found a hazy altar of Hepliaklqana.
  3630 | D:4      | Reached skill level 6 in Axes
  3911 | D:5      | Entered Level 5 of the Dungeon
  4891 | D:6      | Found a staircase to the Ecumenical Temple.
  4904 | D:6      | Reached skill level 1 in Stealth
  4904 | D:6      | Reached XP level 8. HP: 45/54 MP: 8/8
  4912 | Temple   | Entered the Ecumenical Temple
  4919 | Temple   | Became a worshipper of Cheibriados the Contemplative
  4937 | D:6      | Found a runed translucent gate.
  4975 | D:6      | Reached skill level 1 in Invocations
  5052 | D:6      | Found a deep blue altar of Sif Muna.
  5111 | D:6      | Found a runed translucent gate.
  5111 | D:6      | Found a runed translucent gate.
  5364 | D:6      | Slain by a centaur

Levels and vault maps discovered:
D:1:      ncdulo_halloftheorcs, layout_basic
D:2:      layout_basic, elyvilon_altar_5, first_ration, kennysheep_jessica_study
D:3:      layout_basic, chequers_ecumenical_altar_simple_redux,
          cheibrodos_sewer_entry_drain
D:4:      layout_loops_ring, lemuel_doored_altar, uniq_menkaure
D:5:      layout_rooms, serial_glass, glass_columns_a, glass_columns_a,
          hangedman_decor_growths, nrook_campfire
D:6:      layout_rooms, lemuel_coloured_pillars_altar,
          minmay_temple_entry_statues_fountains, gammafunk_ghost_icy
Temple:   nicolae_temple_no_exploring_needed
Sewer:    kennysheep_door_sewer

Skill      XL: |  1  2  3  4  5  6  7  8 |
---------------+-------------------------+-----
Axes           | 3 4 5 6 |  6.7
Fighting       | 4 |  4.7
Dodging        | 4 |  4.7
Shields        | 4 |  4.7
Stealth        | 1 2 |  2.7
Invocations    | 1 |  1.6

Action                   |  1- 3 |  4- 6 |  7- 9 || total
-------------------------+-------+-------+-------++-------
Melee: War axe           |    45 |   127 |    77 ||   249
       Constrict         |    12 |    35 |    20 ||    67
       Tentacles         |     7 |    21 |    20 ||    48
       Kick              |       |     1 |    27 ||    28
  Use: Scroll            |       |    13 |     4 ||    17
       Potion            |       |     3 |       ||     3
 Stab: Sleeping          |     4 |    16 |     3 ||    23
  Eat: Chunk             |       |     8 |     2 ||    10
       Ration            |       |       |     2 ||     2
Armor: Skin              |     3 |     8 |     1 ||    12
Dodge: Dodged            |    20 |    48 |    36 ||   104
Block: Shield            |    15 |    53 |    40 ||   108

Table legend:
 A = Non-vault XP
 B = Vault XP
 C = Vault XP percentage of total XP
 D = Non-vault monster count
 E = Vault monster count
 F = Vault count percentage of total count
                 A         B        C        D         E       F
            +---------+---------+-------+---------+---------+-------
      Total |    1348 |     220 |  14.0 |     131 |      11 |   7.7
            +---------+---------+-------+---------+---------+-------
        D:1 |      91 |       0 |   0.0 |      35 |       0 |   0.0
        D:2 |     107 |      39 |  26.7 |      33 |       2 |   5.7
        D:3 |     175 |       7 |   3.8 |      28 |       3 |   9.7
        D:4 |     211 |     169 |  44.5 |       6 |       1 |  14.3
        D:5 |     377 |       0 |   0.0 |      19 |       0 |   0.0
        D:6 |     387 |       0 |   0.0 |      10 |       0 |   0.0
      Sewer |       0 |       5 | 100.0 |       0 |       5 | 100.0
            +---------+---------+-------+---------+---------+-------
